 Dungeon Crawl Stone Soup version 0.17.1-3-g152610e (webtiles) character file.

441 manyhoops the Magician (level 6, -2/32 HPs)
             Began as a Deep Elf Air Elementalist on Apr 7, 2016.
             Shot with an arrow by a centaur (4 damage)
             ... on level 4 of the Dungeon.
             The game lasted 00:21:03 (3495 turns).

manyhoops the Magician (Deep Elf Air Elementalist)  Turns: 3495, Time: 00:21:03

Health: -2/32      AC:  6    Str:  5    XL:     6   Next: 70%
Magic:  8/18       EV: 13    Int: 30    God:
Gold:   132        SH:  0    Dex: 15    Spells: 5 memorised, 6 levels left

rFire  . . .     SeeInvis .     x - +9 quarterstaff of Gasec {freeze, Int+8}
rCold  . . .     Clarity  .     a - +0 robe
rNeg   . . .     SustAt   .     (shield currently unavailable)
rPois  .         Gourm    .     l - +0 hat {MR+}
rElec  .         Spirit   .     (no cloak)
rCorr  .         Warding  .     (no gloves)
rMut   .         Stasis   .     f - +0 pair of boots
MR     +....                    (no amulet)
Stlth  +.........               j - ring of loudness (curse)
                                y - +3 ring of protection

@: swift, invisible, quick, somewhat resistant to hostile enchantments, very
unstealthy
A: no striking features
a: no special abilities


You were on level 4 of the Dungeon.
You were very hungry.

You visited 1 branch of the dungeon, and saw 4 of its levels.

You collected 132 gold pieces.

Inventory:

Hand Weapons
 p - a +0 dagger
 x - the +9 quarterstaff of Gasec (weapon) {freeze, Int+8}
   (You found it on level 4 of the Dungeon)

   It has been specially enchanted to freeze those struck by it, causing extra
   injury to most foes and up to half again as much damage against particularly
   susceptible opponents.
   It can also slow down cold-blooded creatures.
   It affects your intelligence (+8).
Missiles
 C - 2 throwing nets (quivered)
Armour
 a - a +0 robe (worn)
 f - a +0 pair of boots (worn)
 l - a +0 hat of magic resistance (worn)
Jewellery
 g - an uncursed ring of protection from fire
 j - a cursed ring of loudness (right hand)
 y - a +3 ring of protection (left hand)
Scrolls
 d - 3 scrolls of amnesia
 e - a scroll of fog
 h - a scroll of recharging
 i - 2 scrolls of teleportation
 n - a scroll of magic mapping
 u - 2 scrolls of random uselessness
 v - a scroll of immolation
 B - a scroll of fear {unknown}
Potions
 k - a potion of magic
 m - a potion of heal wounds {unknown}
 q - a potion of flight
 r - a potion of lignification {unknown}
 t - a potion of ambrosia {unknown}
 w - a potion of resistance
Books
 b - a book of Air

   Spells                             Type                      Level
   a - Shock                          Conjuration/Air              1
   b - Swiftness                      Charms/Air                   2
   c - Repel Missiles                 Charms/Air                   2
   d - Static Discharge               Conjuration/Air              3
   e - Lightning Bolt                 Conjuration/Air              5
Comestibles
 c - 4 bread rations
 o - 2 meat rations
 z - 2 slices of pizza
 A - a beef jerky


   Skills:
 - Level 0.2 Short Blades
 - Level 2.4 Dodging
 - Level 3.0 Stealth
 - Level 7.0 Spellcasting
 * Level 4.2 Conjurations
 - Level 4.0 Air Magic


You had 6 spell levels left.
You knew the following spells:

 Your Spells              Type           Power        Failure   Level  Hunger
a - Shock                 Conj/Air       ####         1%          1    None
b - Swiftness             Chrm/Air       ###.....     3%          2    None
c - Static Discharge      Conj/Air       #####...     2%          3    None
d - Lightning Bolt        Conj/Air       #####.....   28%         5    ####...
e - Repel Missiles        Chrm/Air       ###...       3%          2    None


Dungeon Overview and Level Annotations

Branches:
Dungeon (4/15)
 Temple: D:4-7

Altars:
Fedhas
Gozag
Kikubaaqudgha
Makhleb
Ru
The Shining One

Annotations:
D:3 Terence; ThereIsNoGod's ghost, amateur TrFi


Message History

The arrow misses you.
The centaur shoots an arrow.
The arrow hits you!
You see here an arrow.
Casting: Repel Missiles
Confirm with . or Enter, or press ? or * to list all spells.
You feel quick.
The centaur shoots an arrow.
The arrow completely misses you.
The centaur shoots an arrow.
The arrow is repelled.
You feel less protected from missiles.
You see here 2 arrows.
The centaur shoots an arrow.
The arrow hits you!
Ouch! That really hurt!
* * * LOW HITPOINT WARNING * * *
You see here an arrow.
The centaur shoots an arrow.
The arrow barely misses you.
The centaur shoots an arrow.
The arrow closely misses you.
You see here an arrow.
You fade into invisibility!
The centaur shoots an arrow.
The arrow hits you.
You die...

#..# #.###........#
##..#####.###.####...#
#.............# #..<#
#.#####.#.########...#
#.# #.#.............
#.# #.#######.##.#.#
#.# #.# #.##.#.#
#.#############.##.#>#
#....@..(.....####.#.#
##.#.#.#.#c##..#.#.#.#
#.#.######.# #.....#
#.#.#.#(#.## #...###
#...##.#c## ##...#
#####c#### #...(# ##.#
##.### #(c# #.#
##....... ###


You could see a centaur.

Vanquished Creatures
  A phantom (D:4)
  2 hounds (D:4)
  Ijyb (D:2)
  2 orc priests (D:3)
  An orc wizard (D:3)
  Robin (D:4)
  8 adders
  An ooze (D:4)
  2 giant geckos
  12 orcs
  A ball python (D:2)
  7 bats
  2 giant cockroaches (D:4)
  11 goblins
  8 hobgoblins
  4 jackals (D:1)
  4 quokkas
  A giant gecko skeleton (D:4)
  3 giant newts (D:3)
  8 kobolds
  6 rats
86 creatures vanquished.

Notes
Turn   | Place    | Note
--------------------------------------------------------------
     0 | D:1      | manyhoops the Deep Elf Air Elementalist began the quest for the Orb.
     0 | D:1      | Reached XP level 1. HP: 10/10 MP: 6/6
   227 | D:1      | Reached XP level 2. HP: 15/15 MP: 5/8
   519 | D:2      | Noticed Ijyb
   594 | D:2      | Reached XP level 3. HP: 16/19 MP: 2/9
   723 | D:1      | Learned a level 2 spell: Swiftness
   727 | D:1      | Learned a level 3 spell: Static Discharge
   812 | D:2      | Found a faded altar to an unknown god.
  1170 | D:2      | Killed Ijyb
  1170 | D:2      | Reached skill level 4 in Air Magic
  1237 | D:2      | Reached XP level 4. HP: 13/24 MP: 4/11
  1347 | D:2      | Found an ancient bone altar of Kikubaaqudgha.
  1359 | D:2      | Found a glowing golden altar of the Shining One.
  1686 | D:3      | Reached skill level 5 in Spellcasting
  1686 | D:3      | Reached XP level 5. HP: 24/28 MP: 0/14
  1702 | D:3      | Noticed ThereIsNoGod's ghost (amateur TrFi)
  1996 | D:3      | Noticed Terence
  2136 | D:3      | Found a sacrificial altar of Ru.
  2136 | D:3      | Found an opulent altar of Gozag.
  2136 | D:3      | Found a burning altar of Makhleb.
  2451 | D:3      | Reached skill level 6 in Spellcasting
  2664 | D:4      | Noticed Robin
  2791 | D:4      | Killed Robin
  3048 | D:4      | Got a bloodstained quarterstaff
  3050 | D:4      | Identified the +9 quarterstaff of Gasec {freeze, Int+8} (You found it on level 4 of the Dungeon)
  3100 | D:4      | Learned a level 5 spell: Lightning Bolt
  3119 | D:4      | Found a blossoming altar of Fedhas.
  3213 | D:4      | Reached XP level 6. HP: 32/32 MP: 12/17
  3228 | D:4      | Learned a level 2 spell: Repel Missiles
  3374 | D:4      | Reached skill level 7 in Spellcasting
  3460 | D:4      | Noticed a phantom
  3465 | D:4      | Killed a phantom
  3479 | D:4      | Noticed a centaur
  3491 | D:4      | HP: 1/32 [centaur/arrow (16)]
  3495 | D:4      | Shot with an arrow by a centaur

Action                   |  1- 3 |  4- 6 || total
-------------------------+-------+-------++-------
Melee: Dagger            |     5 |     6 ||    11
       Unarmed           |     4 |       ||     4
 Cast: Shock             |    72 |    96 ||   168
       Static Discharge  |     5 |    21 ||    26
       Swiftness         |       |     2 ||     2
       Repel Missiles    |       |     1 ||     1
  Use: Scroll            |     2 |     8 ||    10
       Potion            |     1 |     2 ||     3
  Eat: Bread ration      |     1 |       ||     1
       Chunk             |       |     3 ||     3
